 Dungeon Crawl Stone Soup version 0.29.0-13-gc9e81de378 (webtiles) character file.

Game seed: 26055555656598304

0 Doot the Magician (level 1, -1/11 HPs)
             Began as an Octopode Hedge Wizard on Sept 9, 2022.
             Slain by a quokka (5 damage)
             ... on level 1 of the Dungeon.
             The game lasted 00:00:09 (78 turns).

Doot the Magician (Octopode Hedge Wizard)             Turns: 78, Time: 00:00:10

Health: -1/11      AC:  1    Str:  9    XL:     1   Next: 0%
Magic:  4/4        EV: 13    Int: 16    God:
Gold:   0          SH:  0    Dex: 11    Spells: 5/6 levels left

rFire   . . .      SeeInvis .   a - +0 dagger
rCold   . . .      Faith    .   (no shield)
rNeg    . . .      Spirit   .   b - +0 hat
rPois   .          Reflect  .   (no amulet)
rElec   .          Harm     .   (no ring)
rCorr   .          Rampage  .   (no ring)
Will    .....                   (no ring)
Stlth   +++.......              (no ring)
HPRegen 0.03/turn               (no ring)
MPRegen 0.09/turn               (no ring)
                                (no ring)
                                (no ring)

@: no status effects
A: almost no armour, amphibious, 8 rings, camouflage 1, gelatinous body 1,
(nimble swimmer 1), tentacles
a: no special abilities


You were on level 1 of the Dungeon.
You visited 1 branch of the dungeon, and saw 1 of its levels.

Inventory:

Hand Weapons
 a - a +0 dagger (weapon)
Armour
 b - a +0 hat (worn)
Potions
 c - a potion of magic


   Skills:
 + Level 2.0 Dodging
 + Level 2.6 Stealth
 + Level 3.0 Spellcasting
 + Level 1.0 Conjurations
 + Level 1.0 Summonings
 + Level 1.0 Translocations


You had 5 spell levels left.
You knew the following spells:

 Your Spells              Type           Power      Damage    Failure   Level
a - Magic Dart            Conj           20%        1d4       12%         1

Your spell library contained the following spells:

 Spells                   Type           Power      Damage    Failure   Level
 Slow                     Hex            8%         N/A       19%         1
 Blink                    Tloc           10%        N/A       19%         2
 Call Imp                 Summ           5%         N/A       19%         2
 Conjure Flame            Conj/Fire      4%         6-21      41%         3
 Mephitic Cloud           Conj/Pois/Air  3%         N/A       43%         3


Dungeon Overview and Level Annotations

Branches:
Dungeon (1/15)

Altars:


Innate Abilities, Weirdness & Mutations

You cannot wear most types of armour.
You are amphibious.
You can wear up to eight rings at the same time.
Your skin changes colour to match your surroundings (Stealth+).
Your rubbery body absorbs attacks. (AC +1, EV +1)
((You are camouflaged when in or above water. (Stealth+)))
You have tentacles for arms and can constrict up to eight enemies at once.


Message History

The demigod shouts!
You hear a shout!
The kraken misses something.
The formicid shouts!
Tentacles burst out of the water!
The kraken bites the ghoul!!
The formicid hits the kraken but does no damage.
The tentacle slaps the spriggan.
The kraken bites the formicid.
The formicid hits the kraken but does no damage.
The tentacle barely misses the formicid.
The tentacle barely misses the elf.
The tentacle slaps the gargoyle!!
The kraken bites the formicid!
The tentacle slaps the formicid!
The tentacle slaps the gargoyle but does no damage.
The tentacle slaps the formicid.
The kraken barely misses the formicid.
The gargoyle hurls a stone arrow at the tentacle.
The stone arrow hits the tentacle!!
The formicid hits the kraken but does no damage.
The tentacle slaps the gargoyle!
The gargoyle is destroyed!
The tentacle slaps the octopode!
The tentacle slaps the formicid!!
The formicid dies!
The tentacle slaps the octopode!!
The tentacle slaps the human!!
The tentacle slaps the octopode!!
The octopode dies!
The tentacle slaps the human!!
The human dies!
The tentacle slaps the troll!!
The tentacle slaps the elf.
The troll bites the tentacle!
The troll claws the tentacle!
The troll claws the tentacle.
The tentacle barely misses the troll.
The tentacle slaps the ghoul!
The tentacle slaps the troll!!
The troll dies!
The troll leather armour is intact enough to wear.
The tentacle barely misses the elf.
Something slaps the ghoul.
Something barely misses the ghoul.
You hear a splash.
There is a stone staircase leading down here.
A quokka comes into view.
The quokka bites you.
You barely miss the quokka. Your grab misses the quokka. The quokka bites you.
The quokka attacks as you move away! The quokka bites you.
You die...

##### #...# .
#...# ..
#.####...####
#.#..
............#
##.....
............#
.. ...
#.......r...#
.#..# #.@.#
.#..#. ##...#
.........##.
#....#
.####......
#.#### .#
#.....# #.#
.####.....#
#.#####
#.........#
#.#...#
.####.....#
#.....# ##
#.....#
###...#


You could see a quokka.

Vanquished Creatures (others)
  A kraken (D:1)
  A minotaur (D:1)
  An octopode (D:1)
  A gargoyle (D:1)
  An elf (D:1)
  A troll (D:1)
  A formicid (D:1)
  A spriggan (D:1)
  A human (D:1)
  A demigod (D:1)
  12 tentacles (D:1)
22 creatures vanquished.

Notes
Turn   | Place    | Note
-------+----------+-------------------------------------------
     0 | D:1      | Doot the Octopode Hedge Wizard began the quest for the Orb.
     0 | D:1      | Reached XP level 1. HP: 11/11 MP: 4/4
     0 | D:1      | Noticed a minotaur
     0 | D:1      | Noticed an elf
     0 | D:1      | Noticed an octopode
     0 | D:1      | Noticed a human
     0 | D:1      | Noticed a spriggan
     0 | D:1      | Noticed a ghoul
     0 | D:1      | Noticed a kraken
     0 | D:1      | Noticed a minotaur
     0 | D:1      | Noticed a gargoyle
     0 | D:1      | Noticed a troll
     0 | D:1      | Noticed a formicid
     0 | D:1      | Noticed a ghoul
     0 | D:1      | Noticed a demigod
     6 | D:1      | Killed a gargoyle
     6 | D:1      | Killed a formicid
     7 | D:1      | Killed an octopode
     8 | D:1      | Killed a human
     9 | D:1      | Killed a demigod
     9 | D:1      | Killed a troll
    12 | D:1      | Killed a spriggan
    13 | D:1      | Killed an elf
    15 | D:1      | Killed a minotaur
    22 | D:1      | Killed a kraken
    78 | D:1      | Slain by a quokka

Illustrated notes

Levels and vault maps discovered:
D:1:      nicolae_arrival_kraken_aquarium_a, layout_loops_cross,
          dreamdust_ecumenical_altar_angels_and_demons

Action                   || total
-------------------------++-------
Melee: Dagger            ||     1
